 Dungeon Crawl Stone Soup version 0.28.0 (webtiles) character file.

Game seed: 18321904857249243975

196 browni3141 the Chopper (level 5, -10/47 HPs)
             Began as a Minotaur Berserker on Feb 17, 2022.
             Was a Believer of Trog.
             Killed by divine providence
             ... invoked by an orc priest
              (13 damage)
             ... on level 3 of the Dungeon.
             The game lasted 00:01:20 (2828 turns).

browni3141 the Chopper (Minotaur Berserker)         Turns: 2828, Time: 00:01:20

Health: -10/47     AC:  9    Str: 24    XL:     5   Next: 46%
Magic:  4/4        EV:  8    Int:  4    God:    Trog [**....]
Gold:   182        SH:  0    Dex:  9    Spells: 4/4 levels left

rFire   . . .      SeeInvis .   a - +0 hand axe
rCold   . . .      Faith    .   (no shield)
rNeg    . . .      Spirit   .   h - +0 chain mail
rPois   +          Reflect  .   (helmet restricted)
rElec   .          Harm     .   (no cloak)
rCorr   .          Rampage  .   (no gloves)
Will    +....                   (no boots)
Stlth   ..........              (no amulet)
HPRegen 0.15/turn               M - ring of willpower
MPRegen 0.09/turn               P - ring of poison resistance {@f3}

@: no status effects
A: horns 2, retaliatory headbutt
a: Renounce Religion, Berserk, Trog's Hand


You were on level 3 of the Dungeon.
You worshipped Trog.
Trog was pleased with you.
You visited 1 branch of the dungeon, and saw 3 of its levels.

You collected 182 gold pieces.


Innate Abilities, Weirdness & Mutations

You have a pair of horns on your head.
You reflexively headbutt those who attack you in melee.


   Skills:
 + Level 4.8 Fighting
 * Level 5.9 Axes
 + Level 4.0 Armour
 - Level 2.1 Dodging


You had 4 spell levels left.
You didn't know any spells.
Your spell library was empty.

Inventory:

Hand Weapons
 a - a +0 hand axe (weapon)
Armour
 b - a +0 animal skin
 h - a +0 chain mail (worn)
Jewellery
 C - a ring of ice
 M - a ring of willpower (left hand)
 P - a ring of poison resistance (right hand) {@f3}
Scrolls
 f - 2 scrolls of enchant armour {unknown}
 i - a scroll of vulnerability {unknown}
Potions
 c - 3 potions of mutation {unknown}
 d - a potion of attraction {unknown}
 e - 3 potions of cancellation {unknown}
 g - a potion of curing {unknown}
 j - a potion of might {unknown}

Dungeon Overview and Level Annotations

Branches:
Dungeon (3/15)

Altars:
Zin

######## #......#
#.####.#
###########.####.####
#...oo{@............#
....o######.####.##.#
#.# #......##.#
#########.# ##.####
##...... #.#..... ###
#.#..... #...
#.##....


You could see an orc priest and 2 orcs.


Message History

You barely miss something. Something hits you.
You closely miss something. Something hits you but does no damage.
The orc priest miscasts a cantrip.
You barely miss something. Something hits you.
You closely miss something. Something hits you.
You closely miss something. You headbutt something.
Something hits you but does no damage.
You hit something but do no damage. Something hits you but does no damage.
You fail to use your ability.
Something hits you but does no damage.
You closely miss something. Something hits you but does no damage.
The orc priest mumbles some strange prayers to Beogh against you.
Beogh smites you!
* * * LOW HITPOINT WARNING * * *
You miss something. Something hits you but does no damage.
You barely miss something. Something hits you but does no damage.
You barely miss something.
You hear some strange, mumbled words.
A magic dart appears from out of thin air!
The magic dart hits you!
* * * LOW HITPOINT WARNING * * *
You hit something. Something hits you but does no damage.
The orc priest mumbles some strange prayers to Beogh against you.
Beogh smites you!
* * * LOW HITPOINT WARNING * * *
You are too injured to fight recklessly!
You miss something. Something hits you.
* * * LOW HITPOINT WARNING * * *
The orc priest invokes the aid of Beogh against you.
Beogh smites you!
You die...

Skill      XL: |  1  2  3  4  5 |
---------------+----------------+-----
Axes           | 4 5 |  5.9
Fighting       | 4 |  4.8
Armour         | 3 4 |  4.0
Dodging        | |  2.1

Action                   |  1- 3 |  4- 6 || total
-------------------------+-------+-------++-------
Melee: Hand axe          |   107 |    71 ||   178
       Headbutt          |    13 |     6 ||    19
       Punch             |     2 |     1 ||     3
Invok: Berserk           |       |     1 ||     1
Armor: Animal skin       |    13 |       ||    13
       Chain mail        |    22 |    41 ||    63
Dodge: Dodged            |    71 |    11 ||    82

Levels and vault maps discovered:
D:1:      amcnicky_arrival_feature_with_door, layout_basic,
          shapermc_ecumenical_altar_hornbeckon, minmay_pentomino_q2
D:2:      layout_basic, basic_altar
D:3:      layout_loops_cross

Notes
Turn   | Place    | Note
-------+----------+-------------------------------------------
     0 | D:1      | browni3141 the Minotaur Berserker began the quest for the
                  | Orb.
     0 | D:1      | Reached XP level 1. HP: 19/19 MP: 0/0
   214 | D:1      | Reached skill level 4 in Axes
   305 | D:1      | Reached XP level 2. HP: 27/27 MP: 1/1
   541 | D:1      | Reached skill level 4 in Fighting
   609 | D:1      | Reached skill level 3 in Armour
   797 | D:1      | Reached XP level 3. HP: 31/33 MP: 2/2
   923 | D:1      | Reached ** piety under Trog
  1143 | D:1      | Found a faded altar of an unknown god.
  1477 | D:2      | Found a glowing silver altar of Zin.
  1634 | D:2      | Reached skill level 5 in Axes
  1634 | D:2      | Reached XP level 4. HP: 36/40 MP: 3/3
  2574 | D:3      | Reached XP level 5. HP: 47/47 MP: 4/4
  2586 | D:3      | Reached skill level 4 in Armour
  2827 | D:3      | HP: 4/47 [orc priest/divine providence (12)]
  2828 | D:3      | Killed from afar by an orc priest

Vanquished Creatures
  A hound (D:3)
  An iguana (D:3)
  An orc wizard (D:3)
  3 adders
  2 worms (D:2)
  2 dart slugs (D:2)
  5 orcs (D:3)
  6 ball pythons
  4 endoplasms
  5 goblins
  8 hobgoblins
  3 jackals (D:1)
  9 kobolds
  3 quokkas
  11 bats
  4 frilled lizards
  6 rats
74 creatures vanquished.

Vanquished Creatures (others)
  A fungus (D:1)
  4 plants (D:1)
5 creatures vanquished.

Grand Total: 79 creatures vanquished

Table legend: (Time is in decaauts)
 A = Elapsed time spent in this place.
 B = Non-inter-level travel time spent in this place.
 C = Inter-level travel time spent in this place.
 D = Time resting spent in this place.
 E = Time spent auto-exploring this place.
 F = Levels seen in this place.
 G = Mean time per level.
                   A        B        C        D        E       F      G
               +--------+--------+--------+--------+--------+-----+--------+
         Total |   2852 |   2734 |    118 |    179 |   2115 |   3 |  950.7 |
       Dungeon |   2852 |   2734 |    118 |    179 |   2115 |   3 |  950.7 |
               +--------+--------+--------+--------+--------+-----+--------+

Top non-repeatable levels by time:
     D:1: 1390 daAuts
     D:2: 1063 daAuts
     D:3: 398 daAuts

Table legend:
 A = Non-vault XP
 B = Vault XP
 C = Vault XP percentage of total XP
 D = Non-vault monster count
 E = Vault monster count
 F = Vault count percentage of total count
                 A         B        C        D         E       F
            +---------+---------+-------+---------+---------+-------
      Total |     279 |       2 |   0.7 |      73 |       1 |   1.4
            +---------+---------+-------+---------+---------+-------
        D:1 |      57 |       2 |   3.4 |      35 |       1 |   2.8
        D:2 |      75 |       0 |   0.0 |      27 |       0 |   0.0
        D:3 |     147 |       0 |   0.0 |      11 |       0 |   0.0
            +---------+---------+-------+---------+---------+-------
